 Dungeon Crawl Stone Soup version 0.27.1-3-gb3d3a73c9e (webtiles) character file.

Game seed: 16434422377609902862

45 H0rd4k the Charlatan (level 3, 0/26 HPs)
             Began as a Human Artificer on Oct 18, 2021.
             Slain by Terence (5 damage)
             ... on level 2 of the Dungeon.
             The game lasted 00:02:01 (2313 turns).

H0rd4k the Charlatan (Human Artificer)              Turns: 2313, Time: 00:02:02

Health: 0/26       AC:  3    Str: 13    XL:     3   Next: 90%
Magic:  3/3        EV: 11    Int: 11    God:
Gold:   27         SH:  0    Dex: 13    Spells: 2/2 levels left

rFire    . . .     SeeInvis .   g - +0 short sword
rCold    . . .     Faith    .   (no shield)
rNeg     . . .     Spirit   .   b - +0 leather armour
rPois    .         Reflect  .   (no helmet)
rElec    .         Harm     .   (no cloak)
rCorr    .         Rampage  .   (no gloves)
Will     .....                  (no boots)
Stlth    +.........             (no amulet)
HPRegen  0.08/turn              f - ring of wizardry
MPRegen  0.08/turn              (no ring)

@: no status effects
A: no striking features
a: no special abilities


You were on level 2 of the Dungeon.
You visited 1 branch of the dungeon, and saw 2 of its levels.

You collected 27 gold pieces.

Inventory:

Hand Weapons
 g - a +0 short sword (weapon)
Missiles
 i - 21 poisoned darts
Armour
 b - a +0 leather armour (worn)
Jewellery
 f - a ring of wizardry (left hand)
Wands
 c - a wand of flame (8) (quivered)
 d - a wand of charming (8)
Scrolls
 a - a scroll of teleportation {unknown}
Potions
 h - a potion of heal wounds {unknown}
 j - a potion of curing {unknown}
Miscellaneous
 e - a piece from Xom's chessboard (15/15)


   Skills:
 + Level 1.3 Fighting
 + Level 0.9 Short Blades
 - Level 2.0 Armour
 + Level 1.2 Dodging
 - Level 1.0 Stealth
 + Level 4.1 Evocations


You had 2 spell levels left.
You didn't know any spells.
Your spell library was empty.

Dungeon Overview and Level Annotations

Branches:
Dungeon (2/15)

Altars:

Annotations:
D:2 Terence


Message History

Aiming: Throw Flame
Press: ? - help, Shift-Dir - straight line, f - Terence
Aim: Terence, wielding a +0 hand axe and wearing a +3 chain mail of willpower (heavily wounded, wandering, hasn't noticed you, 79% to hit)
The puff of flame hits Terence but does no damage.
Terence is heavily wounded.
Terence shouts!
Okay, then.
Unknown command.
Unknown command.
Aiming: Throw Flame
Press: ? - help, Shift-Dir - straight line, f/p - Terence
Aim: Terence, wielding a +0 hand axe and wearing a +3 chain mail of willpower (heavily wounded, 79% to hit)
The puff of flame misses Terence.
Unknown command.
Aiming: Throw Flame
Press: ? - help, Shift-Dir - straight line, f/p - Terence
Aim: Terence, wielding a +0 hand axe and wearing a +3 chain mail of willpower (heavily wounded, 79% to hit)
The puff of flame hits Terence.
Terence is severely wounded.
Unknown command.
Aiming: Throw Flame
Press: ? - help, Shift-Dir - straight line, f/p - Terence
Aim: Terence, wielding a +0 hand axe and wearing a +3 chain mail of willpower (severely wounded, 79% to hit)
The puff of flame hits Terence.
Terence is almost dead.
Unknown command.
Aiming: Throw Flame
Press: ? - help, Shift-Dir - straight line, f/p - Terence
Aim: Terence, wielding a +0 hand axe and wearing a +3 chain mail of willpower (almost dead, 79% to hit)
The puff of flame hits Terence but does no damage.
Terence is almost dead.
Terence hits you with a +0 hand axe!
* * * LOW HITPOINT WARNING * * *
Aiming: Throw Flame
Press: ? - help, Shift-Dir - straight line, f/p - Terence
Aim: Terence, wielding a +0 hand axe and wearing a +3 chain mail of willpower (almost dead, 79% to hit)
The puff of flame hits Terence but does no damage.
Terence is almost dead.
Terence hits you with a +0 hand axe.
You die...

##########...#...#
#......<....>#...#
#........)...#...#
#................+
#......†.........#
#.........#†#....#
#...<.....#.#.####
#.........#...#
#..@@.....#.########
#.........#.........
............#.........
.......########.........
....... #.........
...#### #...(..... ...
#...(#...# .. ####.#.#.#
#'# #.#


You could see Terence.

Vanquished Creatures
  2 dart slugs (D:1)
  A bat (D:1)
  2 endoplasms
  2 giant cockroaches
  2 goblins
  3 hobgoblins (D:1)
  A jackal (D:2)
  4 kobolds (D:1)
  2 quokkas
  A ball python (D:1)
  2 frilled lizards (D:1)
  3 rats
25 creatures vanquished.

Vanquished Creatures (collateral kills)
  An adder (D:2)
  A dart slug (D:2)
  A ball python (D:2)
  6 goblins (D:2)
  4 hobgoblins (D:2)
  A jackal (D:2)
  A bat (D:2)
15 creatures vanquished.

Vanquished Creatures (others)
  Robin (D:2)
  4 toadstools (D:1)
5 creatures vanquished.

Grand Total: 45 creatures vanquished

Notes
Turn   | Place    | Note
-------+----------+-------------------------------------------
     0 | D:1      | H0rd4k the Human Artificer began the quest for the Orb.
     0 | D:1      | Reached XP level 1. HP: 15/15 MP: 1/1
   457 | D:1      | Reached XP level 2. HP: 12/21 MP: 2/2
  1558 | D:1      | Reached XP level 3. HP: 7/26 MP: 3/3
  2201 | D:2      | Noticed Terence
  2267 | D:2      | Noticed Robin
  2273 | D:2      | Reached skill level 4 in Evocations
  2274 | D:2      | Your ally died
  2313 | D:2      | Slain by Terence

Illustrated notes

Levels and vault maps discovered:
D:1:      ldierk_walled_garden_2, layout_basic, patterned_corridor
D:2:      layout_basic, uniq_robin, uniq_terence

Skill      XL: |  1  2  3 |
---------------+----------+-----
Evocations     | 4 |  4.1
Fighting       | |  1.3
Short Blades   | |  0.9
Armour         | |  2.0
Dodging        | |  1.2
Stealth        | |  1.0

Action                   || total
-------------------------++-------
Melee: Club              ||    13
       Short sword       ||    97
Evoke: Wand              ||    14
 Stab: Sleeping          ||     2
Armor: Leather armour    ||    26
Dodge: Dodged            ||    75
